 Dungeon Crawl Stone Soup version 0.26-a0-30-g56b8cd3df0 (webtiles) character file.

Game seed: 16366637511612557496, levelgen mode: deterministic

289676 vurker the Cloud Mage (level 20, -8/121 HPs)
             Began as a Tengu Air Elementalist on May 28, 2020.
             Was the Champion of Vehumet.
             Killed from afar by a ghostly deep elf sorcerer (29 damage)
             ... with damnation
             ... on level 3 of the Elven Halls.
             The game lasted 02:08:37 (68653 turns).

vurker the Cloud Mage (Tengu Air Elementalist)     Turns: 68653, Time: 02:08:38

Health: -8/121     AC: 12    Str:  8    XL:     20   Next: 72%
Magic:  29/44      EV: 30    Int: 23    God:    Vehumet [******]
Gold:   1571       SH:  9    Dex: 22    Spells: 13/57 levels left

rFire    + . .     SeeInvis .   a - +5 rapier of Fatigue {vamp, rElec rF+ Dex+6 Stlth-}
rCold    . . .     Gourm    .   X - +3 buckler {AC+3}
rNeg     + . .     Faith    .   x - +2 robe {Archmagi}
rPois    +         Spirit   .   F - +1 hat {MR+}
rElec    +         Reflect  .   h - +2 ratskin cloak {+Rats rPois rN+ Str-1 Int-1 Dex+1}
rCorr    .         Harm     .   H - +0 pair of gloves
MR       +++..                  (boots unavailable)
Stlth    +.........             q - amulet of magic regeneration
HPRegen  0.30/turn              A - ring of protection from magic
MPRegen  0.54/turn              i - +4 ring of evasion

@: flying quickly and evasively, quick
A: beak, talons 3, able to fly
}: 2/15 runes: serpentine, barnacled
a: Stop Flying, Renounce Religion, Evoke Ratskin


You were on level 3 of the Elven Halls.
You worshipped Vehumet.
Vehumet was exalted by your worship.
You were very hungry.

You visited 7 branches of the dungeon, and saw 35 of its levels.
You also visited: Gauntlet.

You collected 3388 gold pieces.
You spent 1817 gold pieces at shops.

Inventory:

Hand Weapons
 a - the +5 rapier of Fatigue (weapon) {vamp, rElec rF+ Dex+6 Stlth-}
   (You found it on level 5 of the Lair of Beasts)

   It inflicts no extra harm, but heals its wielder when it wounds a living foe.
   It affects your dexterity (+6).
   It protects you from fire.
   It insulates you from electricity.
   It makes you less stealthy.
Missiles
 y - 12 throwing nets (quivered)
Armour
 h - the +2 ratskin cloak (worn) {+Rats rPois rN+ Str-1 Int-1 Dex+1}
   (You found it on level 1 of the Lair of Beasts)

   It affects your strength (-1).
   It affects your intelligence (-1).
   It affects your dexterity (+1).
   It protects you from poison.
   It protects you from negative energy.
 x - a +2 robe of the Archmagi (worn)
   (You bought it in a shop on level 12 of the Dungeon)
 F - a +1 hat of magic resistance (worn)
   (You took it off Gastronok on level 2 of the Lair of Beasts)
 H - a +0 pair of gloves (worn)
   (You found it on level 4 of the Lair of Beasts)
 O - the +1 hat of Puptetupp {rC+ Int+3}
   (You acquired it on level 2 of the Snake Pit)

   It affects your intelligence (+3).
   It protects you from cold.
 Q - a +2 robe of fire resistance
   (You took it off an orc sorcerer on level 2 of the Orcish Mines)
 X - a +3 buckler of protection (worn)
   (You acquired it on level 1 of the Shoals)
Jewellery
 i - a +4 ring of evasion (right hand)
   (You found it on level 1 of the Dungeon)
 q - an amulet of magic regeneration (around neck)
   (You found it on level 3 of the Elven Halls)
 A - a ring of protection from magic (left hand)
   (You found it on level 7 of the Dungeon)
 G - an uncursed ring of protection from fire
   (You found it on level 9 of the Dungeon)
 R - the ring "Zomuott" {+Fly rF+ Dex+6}
   (You bought it in a shop on level 13 of the Dungeon)

   [ring of dexterity]

   It affects your dexterity (+6).
   It protects you from fire.
   It lets you fly.
 S - the ring "Ibovor" {rElec rF+}
   (You bought it in a shop on level 13 of the Dungeon)

   [ring of protection from fire]

   It protects you from fire.
   It insulates you from electricity.
Wands
 d - a wand of iceblast (14)
   (You took it off a naga sharpshooter on level 2 of the Snake Pit)
 t - a wand of flame (42)
   (You found it on level 3 of the Dungeon)
 u - a wand of paralysis (42)
   (You found it on level 6 of the Dungeon)
 v - a wand of digging (20)
   (You took it off Erica on level 9 of the Dungeon)
 C - a wand of enslavement (12)
   (You found it on level 8 of the Dungeon)
 L - a wand of polymorph (7)
   (You found it on level 6 of the Lair of Beasts)
 T - a wand of clouds (5)
   (You found it on level 1 of the Snake Pit)
Scrolls
 c - 12 scrolls of remove curse
 f - 2 scrolls of immolation
 g - 10 scrolls of blinking
 m - 5 scrolls of magic mapping
 w - 17 scrolls of teleportation
 z - 5 scrolls of enchant armour
 D - 2 scrolls of fog
 I - 2 scrolls of fear
 K - 2 scrolls of silence
 U - a scroll of summoning
 V - 18 scrolls of identify
Potions
 b - 9 potions of curing
 j - 3 potions of invisibility
 k - 4 potions of cancellation
 l - 5 potions of ambrosia
 n - 3 potions of heal wounds
 p - 4 potions of brilliance
 r - 3 potions of magic
 s - 2 potions of resistance
 B - 3 potions of mutation
 E - 5 potions of haste
 J - 3 potions of lignification
 N - a potion of berserk rage
 P - 2 potions of might
Comestibles
 e - 19 rations


   Skills:
 + Level 11.9 Fighting
 - Level 10.0 Dodging
 - Level 2.0 Stealth
 - Level 4.0 Shields
 * Level 19.2 Spellcasting
 - Level 14.1 Conjurations
 + Level 5.3 Transmutations
 + Level 23.9 Air Magic
 + Level 4.8 Earth Magic


You had 13 spell levels left.
You knew the following spells:

 Your Spells              Type           Power        Failure   Level  Hunger
a - Shock                 Conj/Air       ####         0%          1    None
b - Lightning Bolt        Conj/Air       ########..   1%          5    None
c - Airstrike             Air            ########..   0%          4    None
d - Chain Lightning       Conj/Air       ########..   1%          8    ######.
e - Statue Form           Tmut/Erth      ######...    38%         6    ###....
q - Irradiate             Conj/Tmut      #######...   1%          5    None
w - Tornado               Air            ########..   3%          9    #######
z - Freezing Cloud        Conj/Ice/Air   #######...   1%          6    ###....

Your spell library contained the following spells:

 Spells                   Type           Power        Failure   Level  Hunger
 Lehudib's Crystal Spear  Conj/Erth      #######...   56%         8    ######.
 Absolute Zero            Ice            ####......   100%        9    #######
 Fire Storm               Conj/Fire      ######....   100%        9    #######
 Magic Dart               Conj           ####         0%          1    None
 Static Discharge         Conj/Air       ########     0%          3    None
 Foxfire                  Conj/Fire      ####         1%          1    None
 Sandblast                Erth           ######       1%          1    None
 Passwall                 Tmut/Erth      ######..     1%          2    None
 Swiftness                Chrm/Air       #######.     1%          2    None
 Conjure Flame            Conj/Fire      ######..     1%          3    None
 Dazzling Flash           Conj/Hex       ######       1%          3    None
 Inner Flame              Hex/Fire       ####....     1%          3    None
 Mephitic Cloud           Conj/Pois/Air  #######.     1%          3    None
 Stone Arrow              Conj/Erth      ######       1%          3    None
 Sticky Flame             Conj/Fire      ######..     1%          4    None
 Bolt of Magma            Conj/Fire/Erth ######....   1%          5    None
 Fireball                 Conj/Fire      ######....   1%          5    None
 Iskenderun's Battlesphe  Conj/Chrm      ######..     1%          5    None
 Iron Shot                Conj/Erth      #######...   1%          6    ###....
 Orb of Destruction       Conj           #######...   1%          7    #####..
 Animate Skeleton         Necr           N/A          2%          1    None
 Corona                   Hex            ####...      2%          1    None
 Pain                     Necr           ####         2%          1    None
 Petrify                  Tmut/Erth      ######..     2%          4    None
 Lee's Rapid Deconstruct  Erth           ######....   2%          5    None
 Blink                    Tloc           N/A          3%          2    None
 Call Imp                 Summ           ####....     3%          2    None
 Ensorcelled Hibernation  Hex/Ice        ####..       3%          2    None
 Slow                     Hex            ####....     3%          2    None
 Confusing Touch          Hex            ####....     7%          3    None
 Portal Projectile        Hex/Tloc       ####..       7%          3    None
 Tukima's Dance           Hex            ####....     7%          3    None
 Vampiric Draining        Necr           ####......   7%          3    None
 Ice Form                 Ice/Tmut       ######..     8%          4    None
 Leda's Liquefaction      Hex/Erth       #####.....   9%          4    None
 Animate Dead             Necr           N/A          22%         4    None
 Cause Fear               Hex            ####......   22%         4    None
 Spellforged Servitor     Conj/Summ      ######....   26%         7    #####..
 Agony                    Necr           ####....     52%         5    None
 Metabolic Englaciation   Hex/Ice        ####......   52%         5    None
 Ozocubu's Refrigeration  Ice            ####......   61%         6    ###....
 Simulacrum               Ice/Necr       ####......   98%         6    ###....
 Ignition                 Fire           ####......   100%        8    ######.
 Shatter                  Erth           ######....   100%        9    #######


Dungeon Overview and Level Annotations

Branches:
Dungeon (15/15)            Temple (1/1) D:6            Lair (6/6) D:8
 Shoals (4/4) Lair:3        Snake (4/4) Lair:2        Slime (0/5) Lair:6
    Orc (2/2) D:12            Elf (3/3) Orc:2        Vaults (0/5) D:13
 Depths (0/5) D:15        Gauntlet (visited)

Altars:
Ashenzari
Cheibriados
Dithmenos
Elyvilon
Fedhas
Gozag
Kikubaaqudgha
Makhleb
Nemelex Xobeh
Okawaru
Qazlal
Ru
Sif Muna
Trog
Uskayaw
Vehumet
Wu Jian
Xom
Yredelemnul
The Shining One
Beogh
Jiyva

Shops:
D:12 [   D:13 *   D:14 **((*   Orc:2 }[?[   Elf:1 (   Elf:2 }   Shoals:4 }

Annotations:
D:11 1 transporter
D:12 3 runed translucent doors, Stelteck's ghost, journeyman DsBe
D:15 Roxanne
Shoals:2 Polyphemus
Snake:3 2 runed translucent doors, Hainim's ghost, journeyman OpVM
Elf:1 6 runed translucent doors
Elf:2 3 runed translucent doors


Innate Abilities, Weirdness & Mutations

You have a beak for a mouth.
You have claws for feet.
You can fly continuously.


Message History

As you read the scroll of teleportation, it crumbles to dust.
You feel strangely unstable.
The deep elf sorcerer is engulfed in freezing vapours.
The +0 dire flail of protection is engulfed in freezing vapours.
The deep elf high priest is engulfed in freezing vapours.
The deep elf master archer is engulfed in freezing vapours.
The ghostly deep elf sorcerer gestures wildly while chanting.
The ghostly deep elf sorcerer seems to speed up.
The deep elf sorcerer is engulfed in freezing vapours.
The ghostly deep elf sorcerer gestures at you while chanting.
The bolt of acid misses you.
The deep elf high priest is engulfed in freezing vapours.
The deep elf master archer is engulfed in freezing vapours.
The deep elf sorcerer is engulfed in freezing vapours.
The ghostly deep elf sorcerer casts a spell at you.
The bolt of acid hits you!
* * * LOW HITPOINT WARNING * * *
You are splashed with acid!
* * * LOW HITPOINT WARNING * * *
The deep elf sorcerer is engulfed in freezing vapours.
The deep elf high priest is engulfed in freezing vapours.
The deep elf master archer is engulfed in freezing vapours.
You kill the deep elf master archer!
Vehumet accepts your kill.
You feel your power returning.
The +0 dire flail of protection misses you.
Vehumet accepts your kill.
You feel your power returning.
You feel a bit more experienced.
Your surroundings suddenly seem different.
Found twelve items.
A deep elf elementalist comes into view.
It is wielding a +4 flail of holy wrath.
You see here a shiny plate armour.
The deep elf elementalist shouts!
The deep elf elementalist casts a spell past you.
You hear rumbling.
You see here a ration.
Okay, then.
As you read the scroll of teleportation, it crumbles to dust.
You feel strangely unstable.
You see here a lightning rod (4/4).
Your surroundings suddenly seem different.
A deep elf high priest comes into view. It is wielding a +3 spear of freezing.
The deep elf high priest shouts!
The deep elf master archer wields a longbow.
The deep elf master archer shoots an arrow.
The arrow hits you!!
* * * LOW HITPOINT WARNING * * *
The ghostly deep elf sorcerer points at you and mumbles some strange words.
The sphere of damnation explodes!
The damnation engulfs you!!
You die...

.......##......
.........e.....
.e.(....e)..... ###### #.)#
##):..### #..# .|..%()[# #.)#
|..)[e}.# #).# ##.).|### #.)#
###### #)@## ###### ##)).#
### #.######## ##.)ee# #.#
....##..)####....### #.#
....#.###.##.).....########.#
.....## ##.#......(.........#
....## ##.e#.###.##########
.)..# ##.#.# #.# ##)## #...#
#.#


You could see a deep elf master archer, a ghostly deep elf sorcerer (fast,
empowered) and 3 deep elf high priests.

Vanquished Creatures
  Jorgrun (Orc:1)
  Rupert (D:12)
  A deep elf blademaster (Elf:3)
  A deep elf master archer (Elf:3)
  A kraken (Shoals:1)
  Kirke (D:14)
  8 nagarajas
  Ilsuiw (Shoals:2)
  5 deep elf sorcerers
  A deep elf elementalist (Elf:3)
  5 deep elf demonologists
  6 deep elf annihilators
  Snorg (D:12)
  A deep elf death mage (Elf:3)
  The ghost of kae the Fencer, a journeyman MfIE of Okawaru (Lair:6)
  5 merfolk javelineers
  6 merfolk impalers
  An ogre mage (D:13)
  A rakshasa (D:15)
  An ice dragon (Lair:5)
  2 catoblepae
  14 naga warriors
  2 alligator snapping turtles
  9 merfolk aquamancers
  Erica (D:9)
  5 hydras
  2 merfolk avatars (Shoals:2)
  10 anacondas
  7 centaur warriors
  19 dancing weapons
  A two-headed ogre (D:11)
  3 satyrs
  14 naga sharpshooters
  7 death yaks
  6 orc high priests (Orc:2)
  2 shock serpents
  Sonja (Lair:2)
  19 deep elf knights
  A fire crab (Lair:4)
  2 salamander mystics
  4 skeletal warriors
  An unseen horror (D:13)
  2 wizards
  21 sea snakes
  6 naga ritualists
  16 deep elf archers
  A necromancer (D:13)
  4 orc knights
  36 deep elf magi
  A wolf spider zombie (D:13)
  A wolf spider (D:15)
  7 harpies
  Pikel (D:9)
  15 mana vipers
  23 fauns
  An oklob plant (Lair:6)
  5 ugly things
  4 orc sorcerers
  4 cyclopes
  8 salamanders
  11 manticores
  Joseph (D:7)
  4 elephants (Lair:6)
  29 black mambas
  2 centaur zombies
  8 merfolk sirens
  2 water nymphs
  3 gargoyles
  12 guardian serpents
  19 naga magi
  3 centaur skeletons
  6 spiny frogs
  A rime drake (Lair:4)
  A kobold demonologist (D:13)
  3 komodo dragons
  An efreet (D:13)
  3 polar bears
  33 merfolk
  5 large abominations (Elf:3)
  10 trolls
  Grinder (D:6)
  A slime creature (D:13)
  3 hornets (Lair:6)
  5 wind drakes
  A harpy skeleton (D:15)
  3 blink frogs (Lair:2)
  5 snapping turtles
  13 dream sheep
  6 hippogriffs
  7 small abominations (Elf:3)
  2 air elementals
  13 spriggans
  11 water elementals
  A shadow (D:13)
  A wyvern (D:11)
  A vampire (D:15)
  5 fire elementals
  50 yaks
  4 basilisks
  6 hogs
  5 hungry ghosts
  6 wargs
  46 nagas
  An acid dragon (D:15)
  6 porcupines
  9 water moccasins
  5 sky beasts
  29 orc warriors
  5 ice beasts
  An eye of draining (D:13)
  10 black bears
  14 ogres
  2 necrophages
  5 boggarts (Lair:6)
  28 wolves
  8 crocodiles
  11 centaurs
  3 big kobolds
  18 bullfrogs
  3 earth elementals (Elf:1)
  2 wyvern zombies
  2 scorpions
  7 killer bees
  8 wights
  2 electric eels
  2 vampire bats (D:8)
  A bullfrog zombie (D:5)
  4 howler monkeys
  6 crimson imps
  11 hounds
  2 quasits (D:5)
  2 jellies
  39 orc priests
  Crazy Yiuf (D:2)
  4 bullfrog skeletons
  19 orc wizards
  9 iguanas
  11 worker ants
  3 hound zombies
  11 gnolls
  12 adders
  7 shadow imps
  3 white imps (Lair:5)
  2 oozes
  An adder skeleton (D:7)
  3 worms
  5 leopard geckos
  126 orcs
  A ball python (D:3)
  2 bat skeletons (D:8)
  4 bat zombies (D:8)
  6 giant cockroaches
  11 goblins
  9 hobgoblins
  12 jackals
  9 quokkas
  12 bats
  4 frilled lizards
  A jackal zombie (D:5)
  22 kobolds
  A leopard gecko skeleton (D:8)
  A leopard gecko zombie (D:7)
  A quokka zombie (D:5)
  2 rats
  6 plants (Shoals:2)
1257 creatures vanquished.

Vanquished Creatures (collateral kills)
  Gastronok (Lair:2)
  A dire elephant (D:15)
2 creatures vanquished.

Vanquished Creatures (others)
  A worm (D:2)
  An orc (Elf:1)
  6 fungi
  71 plants
  4 tentacles (Shoals:1)
83 creatures vanquished.

Grand Total: 1342 creatures vanquished

Notes
Turn   | Place    | Note
-------+----------+-------------------------------------------
     0 | D:1      | vurker the Tengu Air Elementalist began the quest for the
                  | Orb.
     0 | D:1      | Reached XP level 1. HP: 10/10 MP: 4/4
   167 | D:1      | Reached XP level 2. HP: 10/15 MP: 3/6
   908 | D:1      | Reached XP level 3. HP: 18/20 MP: 1/7
  1775 | D:2      | Reached XP level 4. HP: 24/24 MP: 3/8
  1881 | D:2      | Reached skill level 1 in Fighting
  1981 | D:2      | Reached skill level 5 in Air Magic
  2130 | D:2      | Found a stormy altar of Qazlal.
  2490 | D:2      | Gained mutation: You can fly continuously. [Tengu growth]
  2490 | D:2      | Reached XP level 5. HP: 29/29 MP: 8/10
  2648 | D:2      | Found a runed translucent door.
  2649 | D:2      | Noticed Crazy Yiuf
  2659 | D:2      | Killed Crazy Yiuf
  2934 | D:3      | Learned a level 5 spell: Lightning Bolt
  2939 | D:3      | Learned a level 4 spell: Airstrike
  2954 | D:3      | Noticed a sky beast
  2961 | D:3      | Killed a sky beast
  2961 | D:3      | Reached XP level 6. HP: 28/35 MP: 2/12
  3157 | D:3      | Reached skill level 6 in Air Magic
  3932 | D:4      | Reached skill level 12 in Air Magic
  3932 | D:4      | Reached XP level 7. HP: 40/40 MP: 13/18
  4283 | D:4      | Found a white marble altar of Elyvilon.
  4313 | D:4      | Reached XP level 8. HP: 45/45 MP: 17/19
  4749 | D:4      | Found a shadowy altar of Dithmenos.
  5070 | D:5      | Entered Level 5 of the Dungeon
  5592 | D:5      | Found a blossoming altar of Fedhas.
  5592 | D:5      | Found a hide-covered altar of Uskayaw.
  6005 | D:6      | Noticed Grinder
  6011 | D:6      | Killed Grinder
  6031 | D:5      | Reached XP level 9. HP: 45/49 MP: 10/20
  6103 | D:6      | Reached skill level 10 in Conjurations
  6179 | D:6      | Reached skill level 13 in Air Magic
  6185 | D:6      | Found a staircase to the Ecumenical Temple.
  6208 | Temple   | Entered the Ecumenical Temple
  6212 | Temple   | Became a worshipper of Vehumet
  7003 | D:6      | Found a shimmering blue altar of Sif Muna.
  7752 | D:7      | Reached * piety under Vehumet
  7752 | D:7      | Offered knowledge of Sandblast by Vehumet.
  7984 | D:7      | Noticed Joseph
  7999 | D:7      | Killed Joseph
  7999 | D:7      | Reached XP level 10. HP: 52/56 MP: 3/22
  8546 | D:8      | Offered knowledge of Magic Dart by Vehumet.
  8552 | D:8      | Found an ancient bone altar of Kikubaaqudgha.
  8555 | D:8      | Reached ** piety under Vehumet
  9259 | D:8      | Found a staircase to the Lair.
  9839 | D:9      | Noticed Erica
  9844 | D:9      | Killed Erica
  9844 | D:9      | Reached skill level 14 in Air Magic
 10005 | D:9      | Noticed Pikel
 10009 | D:9      | Killed Pikel
 10360 | D:9      | Reached XP level 11. HP: 62/62 MP: 9/24
 10773 | D:10     | Entered Level 10 of the Dungeon
 11164 | D:10     | Offered knowledge of Stone Arrow by Vehumet.
 11357 | D:10     | Reached skill level 5 in Fighting
 12183 | D:10     | Reached *** piety under Vehumet
 13226 | D:11     | Offered knowledge of Fulminant Prism by Vehumet.
 13398 | D:11     | Found a sparkling altar of Nemelex Xobeh.
 13398 | D:11     | Found a transporter.
 13398 | D:11     | Noticed a war gargoyle
 13516 | D:11     | Noticed a six-headed hydra
 13526 | D:11     | Killed a six-headed hydra
 13526 | D:11     | Reached skill level 15 in Air Magic
 14025 | D:11     | Noticed a manticore
 14033 | D:11     | Killed a manticore
 14136 | D:11     | Noticed a brown ugly thing
 14138 | D:11     | Noticed a cyan ugly thing
 14351 | D:11     | Reached **** piety under Vehumet
 14355 | D:11     | Noticed a two-headed ogre
 14360 | D:11     | Killed a two-headed ogre
 14360 | D:11     | Reached XP level 12. HP: 69/69 MP: 0/26
 14511 | D:10     | Offered knowledge of Mephitic Cloud by Vehumet.
 15210 | D:11     | Reached skill level 10 in Spellcasting
 15614 | Lair:1   | Entered Level 1 of the Lair of Beasts
 16146 | Lair:1   | Found the +2 ratskin cloak {+Rats rPois rN+ Str-1 Int-1
                  | Dex+1}
 16575 | Lair:2   | Noticed Sonja
 16583 | Lair:2   | Noticed Gastronok
 16660 | Lair:2   | Killed Gastronok
 16666 | Lair:2   | Killed Sonja
 16860 | Lair:2   | Found a gate leading to a gauntlet.
 16875 | Gauntlet | Entered a Gauntlet
 16875 | Gauntlet | Found a transporter.
 16909 | Gauntlet | Noticed a queen ant
 16912 | Gauntlet | Found a transporter.
 16913 | Gauntlet | Found a transporter.
 16914 | Gauntlet | Found a transporter.
 16919 | Gauntlet | Found a runed translucent gate.
 16919 | Gauntlet | Found a runed translucent gate.
 16919 | Gauntlet | Found a runed translucent gate.
 16921 | Gauntlet | Found a transporter.
 16924 | Gauntlet | Found a transporter.
 16925 | Gauntlet | Found a transporter.
 16933 | Gauntlet | Found a transporter.
 16936 | Gauntlet | Found a transporter.
 16937 | Gauntlet | Found a transporter.
 16945 | Gauntlet | Found a transporter.
 16948 | Gauntlet | Found a transporter.
 16949 | Gauntlet | Found a transporter.
 16954 | Gauntlet | Noticed a wretched star
 16957 | Gauntlet | Found a transporter.
 17010 | Gauntlet | Noticed a tengu warrior
 17392 | Lair:2   | Reached skill level 16 in Air Magic
 17802 | Lair:2   | Found a staircase to the Snake Pit.
 19147 | Lair:3   | Reached ***** piety under Vehumet
 19212 | Lair:3   | Reached XP level 13. HP: 76/76 MP: 12/28
 19500 | Lair:3   | Offered knowledge of Irradiate by Vehumet.
 19507 | Lair:3   | Learned a level 5 spell: Irradiate
 19714 | Lair:3   | Found a staircase to the Shoals.
 20508 | Lair:4   | Got a crystal spear
 20509 | Lair:4   | Identified the cursed +0 spear "Moteeter" {speed, Dex+4}
                  | (You found it on level 4 of the Lair of Beasts)
 21581 | Lair:5   | Noticed an ice dragon
 21587 | Lair:5   | Killed an ice dragon
 22268 | Lair:5   | Got a scorched rapier
 22269 | Lair:5   | Identified the +5 rapier of Fatigue {vamp, rElec rF+ Dex+6
                  | Stlth-} (You found it on level 5 of the Lair of Beasts)
 22455 | Lair:5   | Reached skill level 17 in Air Magic
 22777 | Lair:6   | Entered Level 6 of the Lair of Beasts
 24298 | Lair:6   | Found a runed translucent door.
 24308 | Lair:6   | Offered knowledge of Freezing Cloud by Vehumet.
 24322 | Lair:5   | Learned a level 6 spell: Freezing Cloud
 24742 | Lair:6   | Noticed kae's ghost (journeyman MfIE)
 25008 | Lair:6   | Found a viscous altar of Jiyva.
 25008 | Lair:6   | Found a staircase to the Slime Pits.
 25107 | Lair:6   | Reached XP level 14. HP: 84/84 MP: 11/31
 25384 | Lair:6   | Reached skill level 18 in Air Magic
 25399 | Lair:6   | Reached skill level 1 in Shields
 26413 | Lair:6   | Killed kae's ghost
 27557 | D:12     | Found a staircase to the Orcish Mines.
 27985 | D:12     | Noticed Snorg
 27995 | D:12     | Killed Snorg
 28202 | D:12     | Noticed Rupert
 28327 | D:12     | Killed Rupert
 28965 | D:12     | Found a runed translucent gate.
 28965 | D:12     | Found a runed translucent gate.
 28966 | D:12     | Found a runed translucent gate.
 28966 | D:12     | Noticed Stelteck's ghost (journeyman DsBe)
 29350 | D:12     | Found Toroew's Armour Shoppe.
 30316 | D:12     | Found a staircase to the Orcish Mines.
 30674 | D:12     | Found Toroew's Armour Shoppe.
 30990 | Orc:1    | Entered Level 1 of the Orcish Mines
 31389 | Orc:1    | Offered knowledge of Ozocubu's Refrigeration by Vehumet.
 31756 | Orc:1    | Noticed Jorgrun
 31764 | Orc:1    | Killed Jorgrun
 32641 | Orc:2    | Entered Level 2 of the Orcish Mines
 32641 | Orc:2    | Found a burning altar of Makhleb.
 32915 | Orc:2    | Reached skill level 19 in Air Magic
 33445 | Orc:2    | Found a roughly hewn altar of Beogh.
 34027 | Orc:2    | Found Qaisean's Gadget Emporium.
 34742 | Orc:2    | Reached XP level 15. HP: 83/92 MP: 17/33
 34993 | Orc:2    | Found Esuedwauhir's Armour Emporium.
 34993 | Orc:2    | Found Gyoca's Jewellery Shop.
 35047 | Orc:2    | Offered knowledge of Fireball by Vehumet.
 35093 | Orc:2    | Found a staircase to the Elven Halls.
 35513 | Orc:2    | Found Gusmyig's Armour Shop.
 35513 | Orc:2    | Found Oskibumm's Magic Scroll Emporium.
 35715 | Orc:2    | Bought a scroll of teleportation for 39 gold pieces
 35804 | D:12     | Bought a +2 robe of the Archmagi for 490 gold pieces
 36398 | D:13     | Found Puhuer's Antique Artefacts.
 36408 | D:13     | Bought a crude amber ring for 130 gold pieces
 36408 | D:13     | Bought a steaming platinum ring for 130 gold pieces
 36409 | D:13     | Identified the ring "Zomuott" {+Fly rF+ Dex+6} (You bought
                  | it in a shop on level 13 of the Dungeon)
 36411 | D:13     | Identified the ring "Ibovor" {rElec rF+} (You bought it in
                  | a shop on level 13 of the Dungeon)
 36660 | D:13     | Reached skill level 10 in Fighting
 37910 | D:13     | Found a gate to the Vaults.
 38497 | D:14     | Noticed Kirke
 38499 | D:14     | Reached skill level 20 in Air Magic
 38679 | D:13     | Learned a level 9 spell: Tornado
 38915 | D:14     | Noticed a sphinx
 39085 | D:14     | Found Keexadgh's General Store.
 39093 | D:14     | Bought a scroll of teleportation for 51 gold pieces
 39247 | D:14     | Killed Kirke
 39394 | D:14     | Found Idefua's Antique Weapon Emporium.
 39423 | D:14     | Found Gozag's Platinum Reserve.
 39423 | D:14     | Found an opulent altar of Gozag.
 39453 | D:14     | Found Utodolao's Weapon Boutique.
 39630 | D:14     | Found Esaytayra's General Store.
 39634 | D:14     | Bought a scroll of blinking for 127 gold pieces
 39817 | D:14     | Got an ancient hunting sling
 39818 | D:14     | Identified the +2 hunting sling of Instinct {flame, rC+}
                  | (You found it on level 14 of the Dungeon)
 40175 | D:14     | Bought a potion of experience for 850 gold pieces
 40176 | D:14     | Reached XP level 16. HP: 97/97 MP: 35/35
 40234 | D:15     | Entered Level 15 of the Dungeon
 41129 | D:15     | Identified the ring "Feoki" {rPois rC+ Str+2 Int-5}
 41631 | D:15     | Found a staircase to the Depths.
 41820 | D:15     | Identified Roxanne's Handbook of Clay
 41820 | D:15     | Noticed Roxanne
 42066 | Snake:1  | Entered Level 1 of the Snake Pit
 42858 | Snake:1  | Reached XP level 17. HP: 102/102 MP: 18/36
 43032 | Snake:1  | Reached skill level 21 in Air Magic
 43415 | Snake:1  | Reached skill level 15 in Spellcasting
 43418 | Snake:1  | Reached ****** piety under Vehumet
 43789 | Snake:1  | Offered knowledge of Starburst by Vehumet.
 45384 | Snake:2  | Identified a scroll of acquirement
 45389 | Snake:2  | Got the +1 hat of Puptetupp {rC+ Int+3}
 46162 | Snake:2  | Got an obsidian-encrusted scale mail
 46173 | Snake:2  | Identified the +1 scale mail of Qoxixeogad {Str+2 Dex+2}
                  | (You found it on level 2 of the Snake Pit)
 46512 | Snake:2  | Found a hide-covered altar of Uskayaw.
 48909 | Snake:3  | Found a large runed translucent door.
 48910 | Snake:3  | Found a large runed translucent door.
 48911 | Snake:3  | Noticed Hainim's ghost (journeyman OpVM)
 48989 | Snake:4  | Entered Level 4 of the Snake Pit
 49334 | Snake:4  | Reached skill level 22 in Air Magic
 49942 | Snake:4  | Offered knowledge of Conjure Ball Lightning by Vehumet.
 50307 | Snake:4  | Reached XP level 18. HP: 107/107 MP: 26/39
 53471 | Snake:4  | Offered knowledge of Chain Lightning by Vehumet.
 53481 | Snake:4  | Learned a level 8 spell: Chain Lightning
 53717 | Snake:4  | Got a serpentine rune of Zot
 53963 | Shoals:1 | Entered Level 1 of the Shoals
 54910 | Shoals:1 | Reached skill level 23 in Air Magic
 55789 | Shoals:1 | Learned a level 6 spell: Statue Form
 57102 | Shoals:2 | Reached skill level 1 in Transmutations
 57253 | Shoals:2 | Reached skill level 1 in Earth Magic
 57555 | Shoals:2 | Noticed Polyphemus
 57575 | Shoals:2 | Noticed Ilsuiw
 57804 | Shoals:2 | Killed Ilsuiw
 57804 | Shoals:2 | Reached XP level 19. HP: 82/113 MP: 21/42
 59110 | Shoals:4 | Entered Level 4 of the Shoals
 60757 | Shoals:4 | Offered knowledge of Lehudib's Crystal Spear by Vehumet.
 60757 | Shoals:4 | Offered knowledge of Fire Storm by Vehumet.
 60757 | Shoals:4 | Offered knowledge of Absolute Zero by Vehumet.
 62180 | Shoals:4 | Got a barnacled rune of Zot
 62272 | Shoals:4 | Found Gyxero's Gadget Emporium.
 63179 | Elf:1    | Entered Level 1 of the Elven Halls
 63248 | Elf:1    | Found Xuonoseu's Antique Weapon Shoppe.
 64550 | Elf:1    | Found a runed translucent gate.
 64550 | Elf:1    | Found a runed translucent gate.
 64550 | Elf:1    | Found a runed translucent gate.
 64550 | Elf:1    | Found a runed translucent gate.
 64550 | Elf:1    | Found a runed translucent gate.
 64551 | Elf:1    | Found a runed translucent gate.
 65019 | Elf:1    | Reached XP level 20. HP: 120/120 MP: 24/43
 66168 | Elf:2    | Found a runed translucent gate.
 66171 | Elf:2    | Found a runed translucent gate.
 66172 | Elf:2    | Found a runed translucent gate.
 66470 | Elf:2    | Found Mukirul's Gadget Shop.
 66497 | Elf:2    | Got a jewelled plate armour
 66779 | Elf:3    | Entered Level 3 of the Elven Halls
 67104 | Elf:3    | Found a magical portal.
 68266 | Elf:3    | Reached skill level 5 in Transmutations
 68500 | Elf:3    | Identified the +8 morningstar "Xeje" {chaos, Str+5}
 68500 | Elf:3    | Identified the ring "Fyar" {Fire rN+ Int+6}
 68627 | Elf:3    | Identified the +8 spear of Cruel Justice {venom, Str+4}
 68636 | Elf:3    | Reached skill level 10 in Dodging
 68636 | Elf:3    | Identified the +5 lajatang of Wyrd {flame, *Rage rC++
                  | Str+2}
 68636 | Elf:3    | Identified the ring "Tuprig" {rN+ Str+6 Int+7}
 68653 | Elf:3    | Killed from afar by a ghostly deep elf sorcerer

Illustrated notes

Levels and vault maps discovered:
D:1:      ncdulo_watergridlock, layout_loops_corners
D:2:      layout_rooms, grunt_qazlal_clouds, uniq_crazy_yiuf_cottage
D:3:      layout_basic, first_ration, minivault_24
D:4:      layout_basic, elyvilon_altar_5, kennysheep_little_box
D:5:      layout_rooms, gammafunk_temple_overflow_elements,
          hangedman_decor_clover_reticule, hangedman_decor_push
D:6:      layout_cave_pools, lemuel_blue_sif_altar,
          minmay_temple_entry_statues_pillars, nrook_pool_corridor, hex_medium,
          uniq_grinder
D:7:      layout_rooms, the_bakery, feat_on_display, uniq_joseph
D:8:      layout_rooms, kennysheep_vampire_church,
          grunt_lair_entry_orc_guard_hut
D:9:      layout_cave_pods, uniq_erica, uniq_pikel
D:10:     layout_roguey, minmay_misc_feat_ornament
D:11:     layout_loops_corners, grunt_nemelex_the_gamble
D:12:     layout_cave_pods, hiddenorc2_lemuel, gammafunk_ghost_hydra_chop,
          serial_shops, nicolae_shop_competitors_out_of_business,
          lightli_minifort, uniq_snorg, uniq_rupert
D:13:     minmay_chambers_of_sevens, layout_cave_pools, david_vaults_1,
          drop_trap, nicolae_antique_artefacts
D:14:     layout_small_grid, nicolae_gozag_zags_fifth_avenue, serial_shops,
          nicolae_shop_stone, shop, shop, shop, uniq_kirke
D:15:     hangedman_depths_entry_try_elsewhere_first, layout_basic,
          nicolae_benzene_ring, uniq_roxanne
Temple:   nicolae_temple_x_marks_the_god
Lair:1:   layout_chaotic_city, nicolae_quartered_pool_super
Lair:2:   layout_hall_layers, minmay_snake_entry_spellcaster,
          gauntlet_entry_generic, forest_entry_grove, grunt_megastairs_2,
          uniq_gastronok, uniq_sonja
Lair:3:   layout_cave_pods, minmay_shoals_entry_centaurs
Lair:4:   layout_hall_layers, grunt_forest_stairs_clearing, lemuel_fruit_fields
Lair:5:   layout_cave_pods, bobbens_ice_dragon_lair
Lair:6:   minmay_lair_end_enchanted_forest, layout_gridlike,
          dpeg_slime_entry_enclosed_altar, ebering_ghost_reflecting_pool
Shoals:1: layout_shoals
Shoals:2: layout_shoals, uniq_ilsuiw, uniq_polyphemus
Shoals:3: layout_shoals, nicolae_shoals_mertower, uniq_bai_suzhen
Shoals:4: shoals_end_grunt_garden, layout_shoals, shoals_ilsuiw_alternative,
          serial_shops, nicolae_shop_window_shopping
Snake:1:  layout_chambers
Snake:2:  layout_layer_cave, basic_altar, lemuel_fruit_tree
Snake:3:  layout_layer_cave, ebering_ghost_disaster_area
Snake:4:  grunt_snake_rune_pools, layout_chambers
Orc:1:    layout_caves, uniq_jorgrun
Orc:2:    st_orc_town, layout_caves, serial_shops,
          nicolae_shop_temple_entry_statues_fountains, basic_altar,
          minmay_orc_barracks
Elf:1:    layout_onion_city, serial_shops, shop, orc_legates
Elf:2:    layout_rooms, serial_shops, shop_coins, uniq_donald, uniq_agnes
Elf:3:    minmay_elf_hall_spiked, layout_loops_corners, mu_enter_wizlab_6,
          laboratory

Skill      XL: |  1  2  3  4  5  6  7  8  9 10 11 12 13 14 15 16 17 18 19 20 |
---------------+-------------------------------------------------------------+-----
Conjurations   | 2 3 4 9 10 11 13 14 | 14.1
Fighting       | 1 2 3 4 5 7 8 9 10 11 | 11.9
Air Magic      | 5 12 13 14 15 16 17 19 20 22 23 | 23.9
Spellcasting   | 3 6 7 8 9 10 12 13 14 16 18 19 | 19.2
Shields        | 4 |  4.0
Dodging        | 6 7 9 10 | 10.0
Transmutations | 1 4 5 |  5.3
Earth Magic    | 1 3 4 |  4.8
Stealth        | |  2.0

Action                   |  1- 3 |  4- 6 |  7- 9 | 10-12 | 13-15 | 16-18 | 19-21 || total
-------------------------+-------+-------+-------+-------+-------+-------+-------++-------
Melee: Whip              |     5 |     6 |       |       |       |       |       ||    11
       Kick              |     2 |       |     5 |     6 |    19 |     5 |     3 ||    40
       Peck              |     1 |       |     2 |     7 |    12 |     5 |     1 ||    28
       Quarterstaff      |       |     3 |       |       |       |       |       ||     3
       Short sword       |       |       |    22 |    18 |       |       |       ||    40
       Rapier            |       |       |       |       |    59 |    22 |     7 ||    88
 Cast: Shock             |    73 |   111 |   224 |   306 |    45 |    23 |       ||   782
       Airstrike         |       |     2 |    30 |   228 |   765 |   687 |   488 ||  2200
       Lightning Bolt    |       |       |       |    20 |    15 |     8 |     9 ||    52
       Irradiate         |       |       |       |       |    11 |    16 |    21 ||    48
       Freezing Cloud    |       |       |       |       |    20 |    66 |    10 ||    96
       Tornado           |       |       |       |       |       |     2 |     7 ||     9
       Chain Lightning   |       |       |       |       |       |     1 |     1 ||     2
 Abil: Fly               |       |     1 |       |     1 |       |       |       ||     2
       Evoke Ratskin     |       |       |       |     2 |       |       |       ||     2
       Stop Flying       |       |       |       |     1 |       |       |       ||     1
Evoke: Wand              |       |       |     1 |     8 |    17 |     8 |     3 ||    37
  Use: Scroll            |       |     5 |    10 |     7 |     8 |     4 |     8 ||    42
       Potion            |       |     1 |       |     1 |     1 |     3 |     2 ||     8
 Stab: Sleeping          |       |       |     1 |       |       |       |       ||     1
  Eat: Chunk             |     3 |     8 |    14 |    42 |    48 |    20 |    22 ||   157
       Ration            |       |       |       |     3 |     9 |    14 |     4 ||    30
Armor: Robe              |     2 |       |    16 |    25 |    24 |    20 |    12 ||    99
Dodge: Dodged            |     8 |    21 |    92 |   147 |   186 |   197 |   175 ||   826
Block: Buckler           |       |       |       |       |    36 |    75 |    38 ||   149

Table legend:
 A = Non-vault XP
 B = Vault XP
 C = Vault XP percentage of total XP
 D = Non-vault monster count
 E = Vault monster count
 F = Vault count percentage of total count
                 A         B        C        D         E       F
            +---------+---------+-------+---------+---------+-------
      Total |  255379 |  161359 |  38.7 |     854 |     400 |  31.9
            +---------+---------+-------+---------+---------+-------
        D:1 |      58 |       0 |   0.0 |      23 |       0 |   0.0
        D:2 |     109 |      40 |  26.8 |      25 |       1 |   3.8
        D:3 |     359 |       0 |   0.0 |      35 |       0 |   0.0
        D:4 |     277 |       0 |   0.0 |      15 |       0 |   0.0
        D:5 |     709 |       0 |   0.0 |      17 |       0 |   0.0
        D:6 |     941 |     286 |  23.3 |      15 |       1 |   6.2
        D:7 |    1334 |     807 |  37.7 |      44 |       3 |   6.4
        D:8 |    1491 |     564 |  27.4 |      16 |      12 |  42.9
        D:9 |     735 |    1509 |  67.2 |      11 |       2 |  15.4
       D:10 |    5817 |       0 |   0.0 |      43 |       0 |   0.0
       D:11 |    6607 |       6 |   0.1 |      37 |       2 |   5.1
       D:12 |    5324 |    5577 |  51.2 |      30 |      39 |  56.5
       D:13 |    8464 |    7710 |  47.7 |      37 |      18 |  32.7
       D:14 |    7397 |    3106 |  29.6 |      24 |       6 |  20.0
       D:15 |    6969 |    2705 |  28.0 |      23 |       4 |  14.8
     Lair:1 |    1848 |     331 |  15.2 |       7 |       2 |  22.2
     Lair:2 |    1343 |    5111 |  79.2 |       8 |      15 |  65.2
     Lair:3 |    3490 |     228 |   6.1 |      20 |       2 |   9.1
     Lair:4 |    2995 |     997 |  25.0 |       8 |       6 |  42.9
     Lair:5 |    3524 |    1127 |  24.2 |      15 |       5 |  25.0
     Lair:6 |    9795 |    8782 |  47.3 |      23 |      45 |  66.2
   Shoals:1 |   13318 |       0 |   0.0 |      26 |       0 |   0.0
   Shoals:2 |   13819 |    7441 |  35.0 |      24 |       8 |  25.0
   Shoals:3 |    7159 |       0 |   0.0 |      14 |       0 |   0.0
   Shoals:4 |   16926 |   23473 |  58.1 |      34 |      38 |  52.8
    Snake:1 |   22628 |       0 |   0.0 |      39 |       0 |   0.0
    Snake:2 |   13297 |       0 |   0.0 |      29 |       0 |   0.0
    Snake:3 |   13349 |       0 |   0.0 |      23 |       0 |   0.0
    Snake:4 |   22254 |   39103 |  63.7 |      41 |      60 |  59.4
      Orc:1 |    3970 |    3314 |  45.5 |      39 |       1 |   2.5
      Orc:2 |    1641 |    8278 |  83.5 |      22 |      71 |  76.3
      Elf:1 |   15513 |   13532 |  46.6 |      25 |      29 |  53.7
      Elf:2 |   26074 |    2739 |   9.5 |      36 |       3 |   7.7
      Elf:3 |   15845 |   24593 |  60.8 |      26 |      27 |  50.9
            +---------+---------+-------+---------+---------+-------
